Map: Torres del ocaso

Players

Maturtle

  • Race: Terran Terran
  • League: Platinum

jomare - Winner!

  • Race: Protoss Protoss

VOD

Have the link to the VOD?

Description

Time

  • Played on: Nov. 29, 2015, 8:47 p.m.
  • Length: 19:36
Show
View Real Time Build Order
Export as new Build Order

Maturtle Terran 

Build Orders: Reaper Expand, Bio Tank 

Get SALT Encoding   

  12  0:01  SCV  
  13  0:13  SCV  
  14  0:18  Supply Depot  
  14  0:25  SCV  
  15  0:39  SCV  
  15  0:41  Barracks  
  16  0:44  Refinery  
  16  0:51  SCV  
  17  1:03  SCV  
  18  1:16  SCV  
  19  1:28  Reaper, Orbital Command  
  20  1:46  Command Center  
  20  1:51  Supply Depot  
  20  1:56  SCV  
  21  2:02  Barracks Reactor  
  21  2:08  SCV  
  22  2:20  SCV, Refinery  
  23  2:23  Factory  
  22  2:32  SCV  
  23  2:38  Marine x2  
  25  2:45  SCV  
  26  2:53  Bunker  
  26  2:57  SCV  
  27  3:00  Marine x2  
  27  3:01  Orbital Command  
  28  3:17  Factory Tech Lab  
  28  3:18  Marine x2  
  27  3:31  Bunker  
  27  3:36  Siege Tank  
  27  3:40  Supply Depot  
  28  3:43  Marine  
  28  3:45  Marine  
  30  3:49  SCV  
  32  3:55  SCV  
  32  3:56  Barracks  
  31  4:07  SCV  
  31  4:17  Marine  
  31  4:18  Marine  
  31  4:20  Siege Tank  
  32  4:31  SCV  
  32  4:32  SCV  
  32  4:47  Supply Depot, Barracks Tech Lab  
  32  4:51  Barracks  
  32  4:52  Siege Tank  
  35  4:54  Marine x2  
  35  4:55  Orbital Command  
  37  5:07  Stimpack  
  37  5:10  Supply Depot  
  37  5:11  Marauder  
  37  5:12  Marine x2  
  41  5:22  SCV  
  41  5:23  SCV  
  41  5:26  Supply Depot  
  41  5:30  Marine x2  
  41  5:33  Siege Tank  
  41  5:35  SCV x2  
  47  5:40  Barracks Reactor  
  47  5:44  Supply Depot  
  47  5:50  Marine x2  
  47  5:55  Engineering Bay  
  49  5:58  SCV  
  49  6:01  SCV  
  51  6:04  Marine  
  51  6:08  Marine  
  51  6:10  SCV  
  54  6:14  Marine  
  53  6:19  Marine x2  
  53  6:21  SCV  
  53  6:22  Marine  
  57  6:25  Marine  
  57  6:27  Siege Tank  
  57  6:29  SCV  
  57  6:32  Marine  
  60  6:45  Marine x2  
  60  6:46  Marauder  
  61  6:50  Barracks  
  61  6:51  SCV  
  61  6:53  Barracks  
  62  6:54  SCV  
  62  6:55  Marine  
  64  7:04  Marine x2  
  64  7:08  Marauder  
  59  7:13  Bunker  
  56  7:20  Siege Tank, Bunker  
  55  7:27  SCV  
  55  7:28  SCV, Starport  
  57  7:35  Combat Shields  
  57  7:49  Marine x2  
  57  7:50  Marauder  
  60  8:01  Command Center  
  60  8:03  SCV  
  61  8:07  Starport Reactor  
  61  8:09  Terran Infantry Weapons Level 1  
  61  8:12  SCV  
  62  8:15  SCV  
  62  8:18  Barracks Reactor  
  63  8:22  Barracks Tech Lab  
  63  8:24  SCV  
  65  8:27  SCV  
  65  8:29  Supply Depot  
  65  8:33  Engineering Bay  
  65  8:36  SCV  
  65  8:38  Marine x2  
  65  8:39  SCV  
  69  8:42  Concussive Shells  
  69  8:47  Marauder  
  70  8:50  SCV  
  70  8:51  Marauder  
  73  8:59  SCV, Refinery  
  73  9:02  Refinery, Marine x2  
  74  9:03  SCV  
  77  9:12  Medivac x2  
  77  9:16  Supply Depot  
  81  9:19  Orbital Command  
  81  9:26  Terran Infantry Armor Level 1  
  81  9:27  Marine  
  81  9:28  Marine  
  81  9:29  SCV x2  
  85  9:35  Marine x4  
  85  9:36  Marine, Marauder  
  92  9:41  SCV x2  
  94  9:46  Supply Depot  
  94  9:48  Supply Depot  
  94  9:52  SCV  
  95  9:53  SCV  
  95  10:06  Marine x3  
  87  10:07  Marauder  
  87  10:08  Marine x2  
  87  10:09  Marauder  
  87  10:10  Marine  
  75  10:15  Siege Tank  
  75  10:17  SCV x2  
  80  10:22  Medivac  
  80  10:23  Medivac  
  80  10:24  SCV, Marine x2  
  87  10:29  Marauder  
  87  10:32  SCV x2, Armory  
  87  10:34  Marine  
  92  10:36  SCV  
  92  10:39  Marauder, Marine  
  92  10:41  Marine x2  
  92  10:42  Marine  
  99  10:44  SCV  
  99  10:45  Refinery  
  100  10:51  SCV x2, Siege Tank  
  100  10:56  SCV, Marine  
  100  10:57  Marine x3  
  110  11:06  SCV x2  
  110  11:08  SCV  
  110  11:10  Ghost Academy  
  113  11:22  Refinery, Barracks x2  
  113  11:24  Marauder x2  
  117  11:47  SCV  
  117  11:49  Marine  
  117  11:52  Marine  
  116  11:54  SCV, Marine  
  116  11:56  Marauder, Marine x3  
  116  12:07  Marine  
  117  12:11  Marine  
  117  12:12  Viking  
  117  12:13  Viking  
  117  12:14  Marine x2, Marauder  
  117  12:15  Supply Depot  
  117  12:16  Supply Depot, Nuke  
  117  12:18  Barracks Tech Lab  
  117  12:20  Barracks Reactor, Starport  
  115  12:35  Marauder  
  117  12:37  Command Center, Marine x4  
  121  12:45  Terran Infantry Weapons Level 2  
  121  12:48  SCV x2  
  123  12:53  Marauder  
  123  12:55  SCV  
  126  13:00  SCV x2  
  126  13:01  Starport Reactor, Marauder  
  126  13:05  Personal Cloaking  
  130  13:08  Ghost Academy  
  130  13:09  SCV  
  130  13:12  Liberator x2  
  131  13:34  Supply Depot, Terran Infantry Armor Level 2  
  137  13:45  Refinery  
  137  13:47  Refinery  
  137  13:48  Ghost  
  141  13:49  Marine x2  
  141  13:50  Marine  
  141  13:51  Ghost, Marine x2  
  141  13:53  Liberator x2  
  141  13:54  Nuke  
  146  13:55  Liberator  
  146  13:56  Liberator  
  146  13:58  Ghost  
  146  14:00  Planetary Fortress  
  160  14:18  SCV x2  
  160  14:21  Ghost  
  160  14:22  Supply Depot  
  162  14:36  Nuke  
  162  14:42  Ghost, Marine x2  
  162  14:43  Marauder  
  162  14:44  SCV x2  
  162  14:45  Marine x2  
  170  14:50  Ghost  
  170  14:52  Marine x2  
  160  14:59  Marine x2  
  155  15:03  Ghost  
  155  15:04  Marine  
  153  15:07  SCV  
  153  15:08  SCV  
  153  15:09  Marine  
  153  15:10  Ghost  
  156  15:18  Ghost, Marine  
  156  15:20  SCV x4, Marine  
  156  15:21  Marine  
  136  15:22  Marine  
  136  15:25  Marine x2  
  137  15:41  Supply Depot  
  137  15:42  Supply Depot x2  
  134  16:01  Terran Infantry Weapons Level 3  
  134  16:03  Marine x2  
  132  16:04  Marauder  
  132  16:12  Command Center  
  132  16:17  Nuke  
  132  16:27  Supply Depot  
  132  16:28  Command Center  
  132  16:30  Supply Depot  
  132  16:32  Supply Depot  
  132  16:34  Liberator  
  132  16:49  Marine  
  132  16:51  SCV, Marauder, Marine x2  
  132  16:53  SCV x2, Marauder, Barracks x2, Marine x4  
  149  16:59  Command Center  
  149  17:21  Supply Depot  
  149  17:22  Supply Depot  
  149  17:23  Supply Depot, Ghost x2, Marine x5  
  149  17:24  SCV x2  
  149  17:26  Supply Depot, Liberator, Marine x3  
  163  17:30  Orbital Command  
  163  17:41  Marine x3  
  171  17:50  Marine x2  
  173  17:51  SCV x3  
  173  17:52  SCV, Ghost x2  
  173  17:54  Barracks Reactor  
  173  17:56  Barracks Reactor  
  179  18:04  Marine  
  176  18:10  Nuke  
  176  18:11  Marine  
  176  18:12  Marine  
  178  18:20  Ghost x2  
  178  18:25  Medivac x3  
  185  18:32  Orbital Command  
  183  18:38  Planetary Fortress  
  181  18:49  Ghost  
  181  18:52  SCV x2  
  185  18:55  SCV  
  173  19:04  SCV x2  
  145  19:13  Marine  
  145  19:14  Marine  
  145  19:16  SCV x2  
  149  19:17  Marine x2  
Show
View Real Time Build Order
Export as new Build Order

jomare Protoss - Winner!

Build Orders:  

Get SALT Encoding   

  12  0:02  Probe (Chrono Boost)  
  13  0:12  Probe (Chrono Boost)  
  14  0:19  Pylon  
  14  0:23  Probe (Chrono Boost)  
  15  0:37  Probe (Chrono Boost)  
  15  0:38  Gateway  
  16  0:47  Assimilator  
  16  0:48  Probe (Chrono Boost)  
  17  0:52  Assimilator  
  17  0:58  Probe (Chrono Boost)  
  18  1:09  Probe (Chrono Boost)  
  19  1:15  Pylon  
  19  1:19  Probe (Chrono Boost)  
  20  1:26  Cybernetics Core  
  20  1:30  Probe (Chrono Boost)  
  21  1:40  Probe (Chrono Boost)  
  22  1:51  Probe (Chrono Boost)  
  23  2:02  Pylon  
  23  2:03  Mothership Core (Chrono Boost), Adept  
  23  2:04  Warp Gate  
  27  2:21  Probe (Chrono Boost)  
  28  2:31  Probe (Chrono Boost)  
  29  2:38  Adept (Chrono Boost)  
  29  2:42  Probe (Chrono Boost)  
  32  2:48  Pylon  
  32  2:51  Pylon  
  32  2:53  Probe  
  32  3:04  Adept (Chrono Boost)  
  32  3:05  Probe  
  35  3:15  Nexus  
  35  3:17  Probe  
  36  3:29  Probe  
  38  3:41  Probe  
  38  3:42  Adept (Chrono Boost)  
  40  3:53  Probe  
  41  4:05  Probe  
  42  4:17  Probe  
  39  4:24  Mothership Core  
  39  4:29  Probe  
  42  4:37  Robotics Facility  
  42  4:40  Gateway  
  42  4:41  Gateway, Adept (Chrono Boost), Probe  
  42  4:43  Gateway  
  42  4:44  Probe  
  44  4:49  Gateway  
  44  4:51  Pylon  
  42  4:54  Probe x2  
  44  5:05  Probe  
  44  5:06  Probe  
  46  5:08  Assimilator  
  46  5:12  Assimilator  
  46  5:15  Probe  
  46  5:16  Pylon  
  46  5:18  Probe  
  48  5:30  Probe  
  48  5:31  Immortal  
  48  5:34  Robotics Bay  
  51  5:35  Pylon  
  51  5:38  Twilight Council  
  51  5:41  Forge  
  51  5:43  Probe  
  48  5:57  Mothership Core  
  50  5:58  Adept x2  
  50  5:59  Adept  
  50  6:02  Adept x2  
  60  6:07  Probe  
  61  6:23  Disruptor (Chrono Boost)  
  64  6:30  Pylon  
  58  6:44  Adept x3  
  58  6:45  Adept x2  
  64  6:50  Probe  
  64  6:51  Blink (Chrono Boost)  
  65  6:56  Gateway  
  65  6:58  Gateway  
  65  7:00  Pylon  
  65  7:06  Adept, Zealot x2  
  65  7:07  Adept x2  
  73  7:17  Disruptor  
  73  7:20  Probe  
  74  7:26  Extended Thermal Lance, Probe  
  78  7:39  Nexus  
  78  7:43  Pylon  
  78  7:52  Disruptor  
  80  8:00  Mothership Core (Chrono Boost)  
  80  8:05  Adept x2  
  83  8:08  Protoss Ground Weapons Level 1 (Chrono Boost)  
  83  8:10  Probe  
  86  8:18  Probe  
  86  8:22  Adept x2  
  86  8:23  Probe  
  92  8:29  Probe, Assimilator  
  92  8:31  Observer  
  92  8:33  Resonating Glaives (Chrono Boost)  
  92  8:34  Assimilator  
  94  8:40  Probe  
  94  8:41  Probe  
  96  8:48  Pylon  
  96  8:51  Probe  
  96  8:52  Colossus (Chrono Boost), Pylon  
  96  8:53  Probe  
  104  8:59  Probe  
  104  9:02  Probe  
  105  9:06  Probe  
  107  9:12  Stalker  
  107  9:13  Stalker x4  
  117  9:23  Probe  
  117  9:24  Photon Cannon  
  118  9:30  Pylon  
  118  9:32  Adept x2  
  118  9:33  Pylon  
  122  9:40  Robotics Facility  
  122  9:41  Pylon  
  122  9:46  Probe, Protoss Ground Armor Level 1 (Chrono Boost)  
  122  9:50  Probe, Photon Cannon  
  92  10:17  Adept x2  
  92  10:18  Adept x5  
  104  10:21  Colossus (Chrono Boost)  
  110  10:31  Pylon  
  110  10:33  Gateway  
  110  10:37  Gateway  
  110  10:45  Colossus (Chrono Boost)  
  110  10:46  Charge  
  110  10:49  Nexus  
  116  10:51  Pylon  
  116  10:57  Probe  
  116  10:58  Templar Archives, Probe  
  116  11:02  Zealot x2  
  122  11:07  Zealot x2  
  122  11:10  Adept  
  128  11:15  Warp Prism (Chrono Boost)  
  128  11:17  Probe  
  131  11:20  Probe  
  131  11:21  Probe  
  131  11:25  Gateway  
  133  11:29  Probe  
  133  11:32  Adept x2  
  136  11:33  Adept  
  143  11:42  Disruptor (Chrono Boost)  
  141  11:53  Stalker  
  141  11:54  Stalker  
  136  12:04  Colossus (Chrono Boost)  
  136  12:06  Stalker  
  140  12:17  Assimilator  
  140  12:21  Probe  
  141  12:23  Assimilator  
  141  12:27  Photon Cannon  
  141  12:28  Probe  
  141  12:29  Photon Cannon  
  142  12:41  Zealot x3  
  142  12:42  Zealot x2  
  142  12:43  Pylon, Protoss Ground Weapons Level 2 (Chrono Boost)  
  142  12:44  High Templar x3  
  154  12:45  High Templar  
  154  12:46  Photon Cannon  
  154  12:49  Archon x2  
  160  12:51  Disruptor (Chrono Boost)  
  160  12:52  Disruptor (Chrono Boost)  
  160  12:57  Probe  
  167  13:01  Zealot  
  167  13:04  Pylon  
  169  13:07  Pylon  
  169  13:08  Probe  
  169  13:09  Probe, Pylon  
  169  13:11  Psionic Storm  
  169  13:12  Probe  
  172  13:16  Probe  
  173  13:20  Probe  
  173  13:25  High Templar x2  
  173  13:26  High Templar  
  180  13:27  High Templar  
  180  13:28  High Templar x2  
  180  13:29  High Templar  
  188  13:46  Zealot x3  
  194  13:58  Probe  
  195  14:12  Zealot x2  
  199  14:27  Archon  
  188  14:59  Zealot x3  
  194  15:00  Zealot x3  
  164  15:25  Zealot x2  
  164  15:26  Zealot x6  
  164  15:27  Zealot x2  
  172  15:31  Probe  
  172  15:35  Gateway  
  173  15:38  Gateway  
  173  15:41  Gateway  
  173  15:43  Probe  
  173  15:45  Gateway  
  173  15:47  Probe  
  173  15:48  Probe  
  174  15:50  Protoss Ground Weapons Level 3  
  174  15:55  Stalker x3  
  174  15:56  Stalker x6, Stargate  
  184  15:59  Stargate  
  184  16:00  Stargate  
  184  16:02  Pylon  
  170  16:07  Probe (Chrono Boost)  
  167  16:22  Nexus  
  167  16:24  Pylon, High Templar x4  
  175  16:25  Assimilator  
  175  16:30  Assimilator  
  175  16:38  Void Ray (Chrono Boost)  
  175  16:43  Void Ray (Chrono Boost)  
  175  16:44  Void Ray (Chrono Boost)  
  187  16:47  Gravitic Drive (Chrono Boost)  
  187  16:49  Warp Prism  
  187  16:50  Warp Prism  
  191  17:08  Probe  
  191  17:12  Probe  
  191  17:15  Probe  
  194  17:19  Void Ray  
  198  17:42  Probe  
  199  17:50  Photon Cannon  
  190  18:07  Observer x2  
  192  18:18  Zealot x3  
  192  18:19  Zealot  
  190  19:15  Archon  
  190  19:16  Archon  
  182  19:19  Stalker x4  
  190  19:31  Stalker x4  
Tags
 
Add a new tag
Caveats
  • Supply blocks, unpowered buildings, or Contaminate may cause inaccurate times.
  • Supply counts are checked every 10 seconds.